 Dungeon Crawl Stone Soup version 0.21.0-26-g889b8f6 (webtiles) character file.

503 nikopol the Shield-Bearer (level 7, -3/43 HPs)
             Began as a Gargoyle Fighter on Jan 27, 2018.
             Was an Initiate of Okawaru.
             Slain by an orc warrior
             ... wielding a +2 mace of protection
              (9 damage)
             ... on level 5 of the Dungeon.
             The game lasted 00:07:32 (3934 turns).

nikopol the Shield-Bearer (Gargoyle Fighter)        Turns: 3934, Time: 00:07:32

Health: -3/43      AC: 16    Str: 26    XL:     7   Next: 17%
Magic:  7/7        EV:  8    Int:  8    God:    Okawaru [......]
Gold:   156        SH: 10    Dex: 10    Spells: 6/6 levels left

rFire    . . .     SeeInvis .   a - +0 war axe
rCold    . . .     Gourm    .   c - +0 shield
rNeg     + . .     Faith    .   b - +0 scale mail
rPois    ∞         Spirit   .   r - +2 helmet
rElec    +         Reflect  .   (no cloak)
rCorr    .         Harm     +   (no gloves)
MR       .....                  w - +0 pair of boots
Stlth    +.........             n - amulet of harm
HPRegen  0.14/turn              m - ring of stealth
MPRegen  0.10/turn              (no ring)

@: mighty
A: negative energy resistance 1, electricity resistance, unbreathing,
petrification resistance, rot immunity, AC +4
a: Renounce Religion


You were on level 5 of the Dungeon.
You worshipped Okawaru.
Okawaru was noncommittal.
You were very hungry.

You visited 1 branch of the dungeon, and saw 5 of its levels.

You collected 156 gold pieces.

Inventory:

Hand Weapons
 a - a +0 war axe (weapon)
Missiles
 v - 4 steel tomahawks (quivered)
Armour
 b - a +0 scale mail (worn)
 c - a +0 shield (worn)
 i - a +0 helmet
 r - a +2 helmet (worn)
 w - a +0 pair of boots (worn)
Jewellery
 m - a ring of stealth (left hand)
 n - an amulet of harm (around neck)
Scrolls
 e - a scroll of amnesia {unknown}
 g - 6 scrolls of identify {unknown}
 h - 3 scrolls of fear {unknown}
 j - a scroll of teleportation {unknown}
 l - 2 scrolls of fog {unknown}
 o - a scroll of enchant armour {unknown}
 x - a scroll of enchant weapon {unknown}
Potions
 d - a potion of might
 k - 3 potions of curing {unknown}
 p - a potion of lignification {unknown}
 q - a potion of brilliance {unknown}
 s - a potion of mutation {unknown}
 t - a potion of flight {unknown}
Comestibles
 f - 10 rations


   Skills:
 + Level 4.1 Fighting
 + Level 4.5 Axes
 + Level 4.5 Armour
 + Level 1.7 Dodging
 + Level 5.0 Shields


You had 6 spell levels left.
You didn't know any spells.

Dungeon Overview and Level Annotations

Branches:
Dungeon (5/15)
 Temple: D:4-7

Altars:
Okawaru
Trog

Annotations:
D:4 Zorot's ghost, amateur FoGl
D:5 Exporg's ghost, amateur DsCK


Innate Abilities, Weirdness & Mutations

You are resistant to torment.
Your stone body is resilient. (AC +4)
You are immune to poison.
You resist negative energy. (rN+)
You are resistant to electric shocks. (rElec)
You can survive without breathing.
You are immune to petrification.
You are immune to rotting.


Message History

You block the orc warrior's attack.
You barely miss the orc warrior.
The orc warrior is heavily wounded.
The orc warrior hits you but does no damage.
You closely miss the orc warrior.
The orc warrior is heavily wounded.
The orc warrior hits you with a mace of protection!
* * * LOW HITPOINT WARNING * * *
Okay, then.
You feel very mighty all of a sudden. The orc warrior completely misses you.
You hit the orc warrior.
The orc warrior is severely wounded.
The orc warrior hits you but does no damage.
Exporg's ghost (amateur Demonspawn Chaos Knight) comes into view.
You barely miss the orc warrior.
The orc warrior is severely wounded.
Exporg's ghost turns its malevolent gaze towards you.
The orc warrior hits you with a mace of protection!
You die...

### #.. #.. ##.#
#..# ... ##..# ....
###..)######....
P♣#.[.@o..........
.W......).#........
....#.###.......o..
### #. ##......./.
# #....?....
#..##..### ##.#
.... #.# ##. #..


You could see an orc warrior and Exporg's ghost.

Vanquished Creatures
  A phantom (D:4)
  2 ogres (D:4)
  A hound (D:4)
  An orc wizard (D:3)
  An orc priest (D:5)
  An iguana (D:2)
  5 adders
  2 gnolls (D:4)
  3 dart slugs
  9 orcs
  3 giant cockroaches
  8 goblins
  8 hobgoblins
  2 jackals (D:2)
  6 kobolds
  3 quokkas
  A ball python (D:4)
  5 bats
  2 frilled lizards
  A jackal skeleton (D:4)
  7 rats
72 creatures vanquished.

Vanquished Creatures (others)
  A wizard (D:3)
1 creature vanquished.

Grand Total: 73 creatures vanquished

Notes
Turn   | Place    | Note
-------+----------+-------------------------------------------
     0 | D:1      | nikopol the Gargoyle Fighter began the quest for the Orb.
     0 | D:1      | Reached XP level 1. HP: 14/14 MP: 1/1
   181 | D:1      | Reached XP level 2. HP: 19/19 MP: 2/2
   890 | D:2      | Reached XP level 3. HP: 18/23 MP: 3/3
   975 | D:2      | Reached skill level 1 in Dodging
   975 | D:2      | Reached XP level 4. HP: 14/28 MP: 4/4
  1071 | D:2      | Reached skill level 4 in Shields
  1607 | D:3      | Reached XP level 5. HP: 31/33 MP: 5/5
  1915 | D:3      | Found a bloodstained altar of Trog.
  1918 | D:3      | Noticed a wizard
  1923 | D:3      | Killed a wizard
  2240 | D:4      | Noticed a phantom
  2262 | D:4      | Killed a phantom
  2262 | D:4      | Reached XP level 6. HP: 28/38 MP: 6/6
  2716 | D:4      | Noticed Zorot's ghost (amateur FoGl)
  3360 | D:4      | Found an iron altar of Okawaru.
  3398 | D:4      | Became a worshipper of Warmaster Okawaru
  3424 | D:4      | Reached XP level 7. HP: 7/43 MP: 7/7
  3793 | D:5      | Entered Level 5 of the Dungeon
  3915 | D:5      | Reached skill level 5 in Shields
  3934 | D:5      | Noticed Exporg's ghost (amateur DsCK)
  3934 | D:5      | Slain by an orc warrior

Skill      XL: |  1  2  3  4  5  6  7 |
---------------+----------------------+-----
Axes           | 2 3 4 |  4.5
Dodging        | 1 |  1.7
Shields        | 4 5 |  5.0
Armour         | 4 |  4.5
Fighting       | 4 |  4.1

Action                   |  1- 3 |  4- 6 |  7- 9 || total
-------------------------+-------+-------+-------++-------
Melee: War axe           |   102 |   157 |    19 ||   278
  Use: Potion            |       |       |     1 ||     1
  Eat: Chunk             |       |     8 |     1 ||     9
Armor: Scale mail        |    57 |    82 |     6 ||   145
Dodge: Dodged            |    38 |    50 |     5 ||    93
Block: Shield            |    66 |    86 |     9 ||   161
